 Dungeon Crawl Stone Soup version 0.28.0 (webtiles) character file.

Game seed: 3027961821678619695

23 Charly the Stinger (level 2, -2/24 HPs)
             Began as a Draconian Venom Mage on Feb 12, 2022.
             Killed from afar by Sigmund (8 damage)
             ... with a puff of flame
             ... on level 2 of the Dungeon.
             The game lasted 00:05:04 (1385 turns).

Charly the Stinger (Draconian Venom Mage)           Turns: 1385, Time: 00:05:05

Health: -2/24      AC:  4    Str: 10    XL:     2   Next: 75%
Magic:  2/5        EV: 12    Int: 15    God:
Gold:   8          SH:  0    Dex: 11    Spells: 2/5 levels left

rFire   . . .      SeeInvis .   f - +1 dagger
rCold   . . .      Faith    .   (no shield)
rNeg    . . .      Spirit   .   (armour unavailable)
rPois   .          Reflect  .   (helmet restricted)
rElec   .          Harm     .   (no cloak)
rCorr   .          Rampage  .   (no gloves)
Will    .....                   (no boots)
Stlth   ++........              (no amulet)
HPRegen 0.08/turn               (no ring)
MPRegen 0.09/turn               (no ring)

@: no status effects
A: AC +4, unfitting armour, cold-blooded
a: no special abilities


You were on level 2 of the Dungeon.
You visited 1 branch of the dungeon, and saw 2 of its levels.

You collected 8 gold pieces.

Inventory:

Hand Weapons
 f - a +1 dagger (weapon)
Magical Staves
 c - a staff of air
Scrolls
 d - a scroll of enchant weapon
 e - 2 scrolls of amnesia


   Skills:
 - Level 2.3 Fighting
 - Level 1.7 Dodging
 - Level 2.0 Stealth
 - Level 2.0 Spellcasting
 - Level 1.0 Transmutations
 + Level 0.4 Air Magic
 + Level 3.1 Poison Magic


You had 2 spell levels left.
You knew the following spells:

 Your Spells              Type           Power      Damage    Failure   Level
a - Sting                 Tmut/Pois      28%        1d4       10%         1
b - Poisonous Vapours     Pois/Air       12%        N/A       16%         2

Your spell library contained the following spells:

 Spells                   Type           Power      Damage    Failure   Level
 Mephitic Cloud           Conj/Pois/Air  5%         N/A       38%         3
 Olgreb's Toxic Radiance  Pois           10%        N/A       52%         4


Dungeon Overview and Level Annotations

Branches:
Dungeon (2/15)

Altars:

Annotations:
D:2 Sigmund


Innate Abilities, Weirdness & Mutations

Your plain brown scales are hard. (AC +4)
You cannot fit into any form of body armour.
You are cold-blooded and may be slowed by cold attacks.


Message History

Sigmund shouts!
There is a stone staircase leading up here.
Okay, then.
You aren't carrying any potions.
As you read the scroll labelled LIKENI CUV CAKH, it crumbles to dust.
It is a scroll of amnesia.
Really abort (and waste the scroll)?
Okay, then.
Sigmund barely misses you.
As you read the scroll labelled JUHYOCUETU, it crumbles to dust.
It is a scroll of enchant weapon.
Your +0 dagger glows red for a moment.
As you read the scroll labelled FORCHE AHAO, it crumbles to dust.
You feel aware of your surroundings.
It was a scroll of magic mapping.
Sigmund hits you with a +0 scythe.
As you read the scroll labelled DAVONI VESA, it crumbles to dust.
Your body is wracked with pain!
* * * LOW HITPOINT WARNING * * *
Sigmund convulses!
It was a scroll of torment.
Sigmund closely misses you.
As you read the scroll labelled VUTER NESSIKH, it crumbles to dust.
It is a scroll of identify.
You don't have any unidentified items.
Aiming: Poisonous Vapours (safe; 16% risk of failure)
Press: ? - help, Q - select action, (/) - cycle Dir - move target, f - Sigmund
Aim: Sigmund, wielding a +0 scythe and wearing a +0 robe (heavily wounded) Poisonous vapours surround Sigmund!
Sigmund is poisoned.
Sigmund hits you but does no damage.
Aiming: Poisonous Vapours (safe; 16% risk of failure)
Press: ? - help, Q - select action, (/) - cycle Dir - move target, f/p - Sigmund
Aim: Sigmund, wielding a +0 scythe and wearing a +0 robe (heavily wounded, poisoned) Poisonous vapours surround Sigmund!
Sigmund looks even sicker.
Sigmund drinks a potion.
Sigmund flickers and vanishes!
Deactivating autopickup; reactivate with Ctrl-A.
Something barely misses you.
A magic dart appears from out of thin air!
The magic dart hits you.
* * * LOW HITPOINT WARNING * * *
A puff of flame appears from out of thin air!
The puff of flame hits you!
You die...

******,,,,,,,,,,,,,,*,* *,*
,,,,**,,,,,,,,,...***,* *,*
***,**,,,,,,,,,...***,****,*
,,,,**,,,,,,,,,...,,,,,,,,,***
***************#.#***,,,,,,,,*
* #.# ********** *** #.# ,,*
#.# *,* #@# *,* #.# *,* #.#
*,* #.# *,******** #.#
*,,,,,,,,* #{# ********,* #.#
*,* #.# *,* #.#


There were no monsters in sight!

Vanquished Creatures
  2 dart slugs (D:1)
  A bat (D:1)
  An endoplasm (D:1)
  4 giant cockroaches (D:1)
  2 hobgoblins (D:1)
  A quokka (D:1)
  2 ball pythons (D:1)
  A frilled lizard (D:1)
  2 kobolds (D:1)
  A rat (D:1)
17 creatures vanquished.

Notes
Turn   | Place    | Note
-------+----------+-------------------------------------------
     0 | D:1      | Charly the Draconian Venom Mage began the quest for the
                  | Orb.
     0 | D:1      | Reached XP level 1. HP: 14/14 MP: 3/3
   238 | D:1      | Reached skill level 1 in Fighting
   365 | D:1      | Reached XP level 2. HP: 24/24 MP: 1/5
   368 | D:1      | Learned a level 2 spell: Poisonous Vapours
   589 | D:1      | Found a faded altar of an unknown god.
  1368 | D:2      | Noticed Sigmund
  1385 | D:2      | Killed from afar by Sigmund

Illustrated notes

Levels and vault maps discovered:
D:1:      lightli_arrival_statue_moat, layout_loops_ring,
          nicolae_ecumenical_lake_church
D:2:      minmay_razor_zed, layout_basic, uniq_sigmund, uniq_jessica

Skill      XL: |  1  2 |
---------------+-------+-----
Stealth        | 2 |  2.0
Fighting       | 1 2 |  2.3
Dodging        | |  1.7
Spellcasting   | |  2.0
Transmutations | |  1.0
Air Magic      | |  0.4
Poison Magic   | |  3.1

Action                   || total
-------------------------++-------
Melee: Dagger            ||     5
       Unarmed           ||     3
       Tailslap          ||     2
 Cast: Sting             ||    16
       Poisonous Vapours ||    12
  Use: Scroll            ||     5
Armor: Skin              ||     6
Dodge: Dodged            ||    11
